 Dungeon Crawl Stone Soup version 0.31.0-11-ge490571c62 (webtiles) character file.

Game seed: 2355608535525725363

87481 Maffolandro the Warrior (level 15, -3/108 (117) HPs)
             Began as a Human Wanderer on Jan 27, 2024.
             Was the Champion of Hepliaklqana.
             Killed by divine providence
             ... invoked by an orc priest
              (14 damage)
             ... on level 2 of the Orcish Mines.
             The game lasted 02:01:35 (21448 turns).

Maffolandro the Warrior (Human Wanderer)           Turns: 21448, Time: 02:01:35

HP:   -3/108 (117)  AC:  6    Str: 13    XL:     15   Next: 90%
MP:   15/15         EV: 19    Int: 12    God:    Hepliaklqana [******]
Gold: 1427          SH: 23    Dex: 20    Spells: 14/14 levels left

rFire   + . .        a - +0 scimitar
rCold   + . .        y - +5 kite shield
rNeg    . . .        M - melded +0 troll leather armour
rPois   .            q - +2 hood of the Assassin {Detect Stab+ Stlth++}
rElec   .            l - scarf {rC+ rF+}
rCorr   .            s - +2 pair of gloves
SInv    .            v - +0 pair of boots
Will    ++...        F - amulet of reflection
Stlth   +++++        u - +4 ring of slaying
HPRegen 0.38/turn    B - ring of willpower
MPRegen 0.14/turn

%: reflection
@: maw-form, studying Air Magic, drained
A: devouring maw, reduced essence, explore regen
a: Begin Untransformation, Renounce Religion, Recall Ancestor, Ancestor
Identity, Transference, Idealise


You were on level 2 of the Orcish Mines.
You worshipped Hepliaklqana.
Hepliaklqana was exalted by your worship.
You were a creature with a mouth for a stomach.
You visited 4 branches of the dungeon, and saw 23 of its levels.
You also visited: Ossuary, Gauntlet and Ice Cave.

You collected 1817 gold pieces.
You spent 390 gold pieces at shops.

Inventory:

Hand Weapons
 a - a +0 scimitar (weapon)
 b - a +2 short sword of venom
Missiles
 E - 30 poisoned darts (quivered)
 H - 25 javelins
Armour
 l - a scarf of resistance (worn)
 q - the +2 hood of the Assassin (worn) {Detect Stab+ Stlth++}
   (You found it in a Gauntlet)

   Detect:    It allows the wearer to sense nearby creatures.
   Stab+:     It allows the wearer to make particularly effective stabbing
   attacks against helpless or unaware enemies with any weapon.
   Stlth++:   It makes you much more stealthy.
 s - a +2 pair of gloves (worn)
 v - a +0 pair of boots (worn)
 y - a +5 kite shield (worn)
 M - a +0 troll leather armour (melded)
Jewellery
 o - a ring of protection from fire
 u - a +4 ring of slaying (left hand)
 B - a ring of willpower (right hand)
 F - an amulet of reflection (around neck)
 J - a ring of flight
 R - the ring of the Raven {rF+ Int+6 Dex+2}
   (You found it in a Gauntlet)

   [ring of intelligence]

   Int+6:     It affects your intelligence (+6).
   Dex+2:     It affects your dexterity (+2).
   rF+:       It protects you from fire.
Talismans
 X - a maw talisman (active)
Wands
 f - a wand of light (9)
 g - a wand of paralysis (10)
 i - a wand of mindburst (5)
 A - a wand of polymorph (7)
 C - a wand of roots (10)
 I - a wand of flame (11)
 V - a wand of digging (5)
Scrolls
 d - 7 scrolls of fear
 k - 5 scrolls of fog
 n - 11 scrolls of teleportation {unknown}
 t - 4 scrolls of immolation
 w - 2 scrolls of vulnerability
 x - a scroll of torment
 K - 3 scrolls of blinking
 O - a scroll of butterflies {unknown}
 S - 2 scrolls of silence
 T - a scroll of revelation
 Z - a scroll of poison
Potions
 c - 5 potions of heal wounds
 e - a potion of invisibility
 h - 3 potions of haste
 j - 5 potions of lignification
 m - a potion of attraction
 p - 4 potions of cancellation
 r - a potion of resistance
 D - 5 potions of brilliance
 G - 2 potions of might
 L - 3 potions of enlightenment
 N - a potion of magic
 P - a potion of ambrosia
 W - 2 potions of curing
Miscellaneous
 z - a lightning rod (4/4)
 Q - a condenser vane (inert)
 U - a phial of floods
 Y - a phantom mirror


   Skills:
 - Level 16.2 Fighting
 - Level 3.0(9.4) Short Blades
 - Level 13.8(14.0) Long Blades
 - Level 4.0 Armour
 + Level 11.2 Dodging
 - Level 6.0 Stealth
 + Level 11.1 Shields
 * Level 11.7 Shapeshifting


You had 14 spell levels left.
You didn't know any spells.
Your spell library contained the following spells:

 Spells                   Type           Power      Damage    Failure   Level
 Freeze                   Ice            0%         1d3       58%         1
 Necrotise                Necr           0%         1d4       58%         1
 Shock                    Conj/Air       0%         1d3       58%         1
 Lesser Beckoning         Tloc           0%         N/A       75%         2
 Frozen Ramparts          Ice            0%         1d1       92%         3
 Gell's Gravitas          Tloc           0%         N/A       92%         3
 Hailstorm                Conj/Ice       0%         3d5       92%         3
 Swiftness                Air            0%         N/A       92%         3
 Teleport Other           Tloc           0%         N/A       92%         3
 Tukima's Dance           Hex            0%         N/A       92%         3
 Vampiric Draining        Necr           0%         2d6       92%         3
 Airstrike                Air            0%         2d(0-16)  100%        4
 Animate Dead             Necr           0%         N/A       100%        4
 Dimensional Bullseye     Hex/Tloc       0%         N/A       100%        4
 Iskenderun's Mystic Bla  Conj/Tloc      0%         2d3       100%        4
 Martyr's Knell           Necr/Summ      0%         N/A       100%        4
 Borgnjor's Vile Clutch   Necr/Erth      0%         N/A       100%        5
 Curse of Agony           Necr           0%         N/A       100%        5
 Death Channel            Necr           0%         N/A       100%        6


Dungeon Overview and Level Annotations

Branches:
Dungeon (15/15)            Temple (0/1) D:5            Lair (5/5) D:10
 Shoals (1/4) Lair:3        Snake (0/4) Lair:2        Slime (0/5) Lair:5
    Orc (2/2) D:11            Elf (0/3) Orc:2        Vaults (0/5) D:14
 Depths (0/4) D:15        Ossuary (visited)           IceCv (visited)
Gauntlet (visited)

Altars:
Cheibriados
Hepliaklqana
Okawaru
Ru
Zin
The Shining One
Jiyva
Lugonu

Shops:
D:6 :[   D:8 !   D:11 *   Orc:2 ?   Shoals:1 *

Portals:
Abyss: Lair:5
Trove: D:14 (give 3 potions of resistance)

Annotations:
Shoals:1 Roxanne
Orc:1 3 runed translucent doors, Antoh's ghost, journeyman TrCK; Kaxaet's ghost, journeyman MfAl; Rygut's ghost, journeyman DrFi; Xelitey Juot's ghost, novice MiFi


Innate Abilities, Weirdness & Mutations

You are a creature with a mouth for a stomach.
Your midsection houses a second, enormous mouth.
Your life essence is reduced to manifest your ancestor. (-10% HP)
You regain HP and MP as you explore.


Message History

Unknown command.
You closely miss the orc sorcerer.
The orc priest shouts!
You bite the orc sorcerer.
The orc sorcerer is lightly wounded.
You block the orc sorcerer's attack.
The orc priest invokes the aid of Beogh against you.
Beogh smites you!
Sizwe casts a spell at the orc sorcerer.
The bolt of magma misses the orc sorcerer.
You barely miss the orc sorcerer. You bite the orc sorcerer.
The orc sorcerer is lightly wounded.
You block the orc sorcerer's attack.
Sizwe hits the chaos spawn with a +0 quarterstaff!
Unknown command.
You slash the orc sorcerer! You bite the orc sorcerer.
The orc sorcerer is heavily wounded.
You block the chaos spawn's attack.
The orc priest invokes the aid of Beogh against you.
Beogh smites you!
* * * LOW HITPOINT WARNING * * *
The orc sorcerer points at you and mumbles some strange words.
The bolt of fire hits you! You resist.
* * * LOW HITPOINT WARNING * * *
The orc wizard hits Sizwe but does no damage.
Sizwe hits the chaos spawn with a +0 quarterstaff!!
The chaos spawn dies!
The chaos spawn degenerates into a cloud of primal chaos!
The orc sorcerer attacks as it pursues you!
You block the orc sorcerer's attack.
The orc wizard casts a spell.
The orc wizard flickers and vanishes!
Deactivating autopickup; reactivate with Ctrl-A.
Sizwe hits the orc sorcerer with a +0 quarterstaff.
The orc priest barely misses something.
The orc priest looks braver for a moment.
The orc sorcerer misses something.
The orc priest mumbles some strange prayers to Beogh against you.
Beogh smites you!
You die...

.....#................
#........).............
##.#..##.)<)....#......
###...##.).)........... ######
###.##.......))..........
##..#.###...........[............
#......#.....#....∩.....)........
#$..#.###.......<................
)$.....##.......W#...............
..)...####.#.R.........[..[......
...)o.)#.##o.o#........[..[......
...))))).)oo3.#..#...............
).....)#o)o.{o{.............>....
.....####.###.#..#......#........
.##... ### ####.##..............
# #..## #...##............. ...#
##.##......##......


You could see the friendly Sizwe the battlemage, an orc high priest, a sixfirhy
(summoned, distracted) and 4 orc priests.

Vanquished Creatures
  Frances (Shoals:1)
  Kirke (Lair:2)
  A minotaur (Gauntlet)
  A merfolk impaler (Shoals:1)
  3 hydras
  2 boulder beetles
  3 centaur warriors
  3 death yaks (Lair:2)
  Sonja (Lair:1)
  2 sixfirhies (D:12)
  A skyshark (Lair:5)
  A wretched star (Gauntlet)
  A large abomination (Lair:5)
  2 sea snakes (Shoals:1)
  An orc knight (Orc:1)
  3 deep trolls (D:14)
  3 harpies (Shoals:1)
  A harpy (shapeshifter) (D:14)
  4 cyclopes
  An orc sorcerer (Orc:1)
  3 ugly things (D:15)
  2 manticores
  A merfolk siren (Shoals:1)
  2 black mambas
  4 elephants (Lair:5)
  Maggie (Lair:1)
  A gargoyle (D:12)
  3 smoke demons (Lair:5)
  9 cane toads
  A rime drake (Lair:3)
  2 komodo dragons
  A tengu conjurer (Gauntlet)
  A troll (shapeshifter) (Lair:5)
  4 merfolk (Shoals:1)
  A polar bear (Lair:4)
  6 trolls
  2 hornets
  18 blink frogs
  6 raiju
  5 dream sheep
  2 ynoxinuls (Lair:5)
  4 slime creatures
  A vampire (D:10)
  A spriggan (Lair:5)
  3 basilisks
  A wraith (D:13)
  A wyvern (D:7)
  32 yaks
  A neqoxec (Gauntlet)
  4 hogs (Lair:2)
  Duvessa (D:4)
  8 water moccasins
  4 laughing skulls
  8 orc warriors
  6 small abominations (Lair:5)
  A black bear (D:10)
  7 wolves
  3 ogres
  3 lemures
  7 bullfrogs
  5 scorpions
  8 wights
  2 howler monkeys
  2 lava snakes (Lair:2)
  2 hounds
  16 orc priests
  2 iguanas
  5 orc wizards
  2 spriggan simulacra
  A mummy (Ossuary)
  4 river rats (D:6)
  6 adders
  3 naga simulacra (D:11)
  2 adder zombies (Ossuary)
  4 ribbon worms
  A dart slug (D:2)
  24 orcs
  3 endoplasms
  2 giant cockroaches
  5 goblins
  4 hobgoblins
  4 jackals (D:1)
  4 quokkas (D:6)
  3 ball pythons
  A bat (D:2)
  3 frilled lizards
  2 gnoll zombies (Ossuary)
  10 kobolds
  2 orc zombies (Ossuary)
  11 rats
350 creatures vanquished.

Vanquished Creatures (collateral kills)
  A great orb of eyes (D:15)
  A catoblepas (Lair:5)
  A centaur warrior (D:10)
  4 death yaks
  A tengu warrior (Gauntlet)
  A two-headed ogre (D:10)
  Urug (D:13)
  3 thrashing horrors (Lair:5)
  An orc high priest (Orc:2)
  2 skysharks (Shoals:1)
  2 large abominations (Lair:5)
  A sun moth (shapeshifter) (D:15)
  2 harpies (Shoals:1)
  Pikel (D:6)
  2 orc sorcerers (Orc:2)
  A deep elf pyromancer (D:14)
  A deep elf zephyrmancer (D:12)
  3 ugly things
  A salamander (Lair:2)
  A faun (Shoals:1)
  A manticore (D:12)
  2 merfolk sirens
  An elephant (Lair:5)
  A black mamba (Lair:1)
  3 cane toads
  2 komodo dragons
  2 rime drakes (Lair:1)
  A tengu conjurer (Gauntlet)
  A guardian mummy (D:14)
  A merfolk (Shoals:1)
  3 trolls
  A polar bear (Lair:2)
  2 hornets
  A raiju (D:12)
  13 blink frogs
  8 dream sheep
  2 snapping turtles (Shoals:1)
  4 slime creatures
  4 wraiths
  14 yaks
  3 shadows
  3 wyverns
  3 hogs
  A warg (Orc:2)
  A water elemental (Shoals:1)
  2 basilisks
  A steam dragon (D:7)
  7 small abominations
  Edmund (D:4)
  An acid dragon (D:10)
  10 water moccasins
  8 orc warriors
  An ice beast (D:7)
  3 ogres
  A centaur (D:7)
  3 wolves
  A lemure (D:6)
  A kobold brigand (D:6)
  8 bullfrogs
  A weeping skull (Ossuary)
  A two-headed ogre simulacrum (D:11)
  A scorpion (D:4)
  8 wights
  A cane toad simulacrum (IceCv)
  3 water moccasin zombies (Ossuary)
  Dowan (D:4)
  An electric eel (Lair:3)
  6 howler monkeys
  2 lava snakes (Lair:2)
  2 bombardier beetles
  2 hounds
  17 orc priests
  6 jellies (Lair:5)
  3 sleepcaps
  11 orc wizards
  An iguana (D:4)
  A spriggan simulacrum (IceCv)
  2 troll simulacra (IceCv)
  2 crocodile zombies (Ossuary)
  A mummy (Ossuary)
  5 adders
  5 river rats (D:6)
  5 adder zombies (Ossuary)
  A ribbon worm (D:11)
  34 orcs
  2 bats
  3 endoplasms
  6 gnoll zombies (Ossuary)
  A goblin (D:2)
  4 hobgoblins
  5 quokkas
  2 ball pythons
  A jackal zombie (Ossuary)
  3 kobolds
  3 orc zombies (Ossuary)
  9 rats
319 creatures vanquished.

Vanquished Creatures (others)
  19 battlemagi
  An ancestor (D:2)
20 creatures vanquished.

Grand Total: 689 creatures vanquished

Notes
Turn   | Place    | Note
-------+----------+-------------------------------------------
     0 | D:1      | Maffolandro the Human Wanderer began the quest for the Orb.
     0 | D:1      | Maffolandro set off with the following items: a +2 short
                  | sword, a +0 falchion, a +0 buckler, a scroll of fear, a +0
                  | robe.
     0 | D:1      | Reached XP level 1. HP: 16/16 MP: 1/1
   242 | D:1      | Found a faded altar of an unknown god.
   264 | D:1      | Prayed at the altar of an unknown god.
   264 | D:1      | Became a worshipper of Hepliaklqana the Forgotten
   264 | D:1      | Reached * piety under Hepliaklqana
   282 | D:1      | Reached XP level 2. HP: 18/19 MP: 2/2
   834 | D:2      | Reached XP level 3. HP: 25/25 MP: 3/3
   887 | D:2      | Reached ** piety under Hepliaklqana
   888 | D:2      | Remembered your ancestor Sizwe as a battlemage
  1007 | D:2      | Reached XP level 4. HP: 30/30 MP: 4/4
  1448 | D:3      | Reached skill level 3 in Fighting
  1454 | D:3      | Reached skill level 1 in Dodging
  1541 | D:3      | Reached XP level 5. HP: 34/36 MP: 5/5
  1843 | D:4      | Noticed Edmund
  1973 | D:4      | Reached XP level 6. HP: 42/42 MP: 6/6
  2170 | D:4      | Found a glowing silver altar of Zin.
  2170 | D:4      | Found a glowing golden altar of the Shining One.
  2204 | D:4      | Killed Edmund
  2205 | D:4      | Reached skill level 5 in Long Blades
  2269 | D:4      | Reached skill level 4 in Fighting
  2269 | D:4      | Reached XP level 7. HP: 48/48 MP: 7/7
  2387 | D:4      | Reached *** piety under Hepliaklqana
  2469 | D:4      | Noticed Dowan
  2470 | D:4      | Noticed Duvessa
  2482 | D:4      | Killed Duvessa
  2490 | D:4      | Killed Dowan
  2575 | D:4      | You fall into a shaft and drop 3 floors!
  2645 | D:6      | Found Wufiring's Tremendous Tomes.
  2671 | D:6      | Noticed Pikel
  2750 | D:6      | Killed Pikel
  2751 | D:6      | Reached XP level 8. HP: 40/54 MP: 8/8
  2829 | D:6      | Found Egara's Dragon-Slaying Spoils.
  2855 | D:6      | Found a sand-covered staircase.
  2868 | Ossuary  | Entered an ossuary
  3110 | Ossuary  | Reached skill level 1 in Armour
  3246 | D:6      | Reached XP level 9. HP: 59/59 MP: 9/9
  3276 | D:5      | Entered Level 5 of the Dungeon
  3952 | D:5      | Reached **** piety under Hepliaklqana
  4208 | D:5      | Found a staircase to the Ecumenical Temple.
  4833 | D:6      | Reached skill level 5 in Fighting
  4881 | D:6      | Identified the +9 war axe of Amorality {antimagic, +Blink
                  | rCorr Str+6 Int-3 Stlth+}
  5416 | D:7      | Reached skill level 5 in Dodging
  5416 | D:7      | Reached skill level 5 in Shields
  5595 | D:7      | Reached skill level 10 in Long Blades
  5595 | D:7      | Reached XP level 10. HP: 68/68 MP: 10/10
  6070 | D:8      | Reached skill level 6 in Fighting
  6260 | D:8      | Found Seusm's Distillery.
  6263 | D:8      | Bought a potion of curing for 39 gold pieces
  6263 | D:8      | Bought a potion of heal wounds for 65 gold pieces
  6263 | D:8      | Bought a potion of lignification for 39 gold pieces
  6263 | D:8      | Bought a potion of degeneration for 13 gold pieces
  6263 | D:8      | Bought a potion of haste for 130 gold pieces
  6263 | D:8      | Bought a potion of mutation for 104 gold pieces
  6478 | D:9      | Reached ***** piety under Hepliaklqana
  6918 | D:9      | Reached XP level 11. HP: 57/73 MP: 11/11
  7172 | D:10     | Entered Level 10 of the Dungeon
  7183 | D:10     | Reached skill level 7 in Fighting
  7459 | D:10     | Found a staircase to the Lair.
  7785 | D:10     | Noticed a centaur warrior
  7794 | D:10     | Killed a centaur warrior
  7982 | D:10     | Noticed a two-headed ogre
  7988 | D:10     | Killed a two-headed ogre
  8091 | D:11     | Found Cutzybboh's Assorted Antiques.
  8363 | D:11     | Found a staircase to the Orcish Mines.
  8479 | D:11     | Noticed a boulder beetle
  8491 | D:11     | Killed a boulder beetle
  8531 | D:11     | Reached skill level 8 in Fighting
  8619 | D:11     | Noticed a cyclops
  8628 | D:11     | Killed a cyclops
  8653 | D:11     | Found a frozen archway.
  8730 | IceCv    | Entered an ice cave
  8908 | D:11     | Found a snail-covered altar of Cheibriados.
  9048 | D:11     | Reached XP level 12. HP: 82/83 MP: 12/12
  9512 | D:12     | Found a gate leading to a gauntlet.
  9524 | Gauntlet | Entered a Gauntlet
  9524 | Gauntlet | Found a transporter.
  9536 | Gauntlet | Noticed a tengu warrior
  9543 | Gauntlet | Found a transporter.
  9558 | Gauntlet | Found a transporter.
  9563 | Gauntlet | Found a transporter.
  9578 | Gauntlet | Found a transporter.
  9581 | Gauntlet | Noticed a blizzard demon
  9597 | Gauntlet | Found a transporter.
  9597 | Gauntlet | Noticed a wretched star
  9619 | Gauntlet | Found the +2 hood of the Assassin {Detect Stab+ Stlth++}
  9627 | Gauntlet | Found a transporter.
  9632 | Gauntlet | Found a transporter.
  9634 | Gauntlet | Found a transporter.
  9655 | Gauntlet | Found the brooch of Shielding {Spirit SH+8}
  9656 | Gauntlet | Noticed a hell beast
  9657 | Gauntlet | Found a transporter.
  9681 | Gauntlet | Found a transporter.
  9696 | Gauntlet | Found a transporter.
  9696 | Gauntlet | Found a transporter.
  9696 | Gauntlet | Found a transporter.
  9713 | Gauntlet | Found a transporter.
  9714 | Gauntlet | Noticed a ghost crab
  9730 | Gauntlet | Found a transporter.
  9750 | Gauntlet | Found a transporter.
  9802 | Gauntlet | Found a transporter.
 10064 | Gauntlet | Killed a tengu warrior
 10065 | Gauntlet | Reached skill level 9 in Fighting
 10079 | Gauntlet | Reached skill level 1 in Stealth
 10185 | Gauntlet | Killed a wretched star
 10230 | Gauntlet | Noticed a minotaur
 10251 | Gauntlet | Killed a minotaur
 10272 | Gauntlet | Identified the ring of the Raven {rF+ Int+6 Dex+2}
 10461 | D:12     | Reached skill level 10 in Fighting
 10580 | D:12     | Reached ****** piety under Hepliaklqana
 10613 | D:12     | Identified the +1 demon trident of Ingas {elec, *Rage rC++
                  | Str+6}
 10890 | Lair:1   | Entered Level 1 of the Lair of Beasts
 10915 | Lair:1   | Reached skill level 11 in Fighting
 11089 | Lair:1   | Reached XP level 13. HP: 95/95 MP: 13/13
 11239 | Lair:1   | Noticed Maggie
 11246 | Lair:1   | Killed Maggie
 11381 | Lair:1   | Noticed Sonja
 11528 | Lair:1   | Killed Sonja
 11529 | Lair:1   | Reached skill level 12 in Fighting
 12454 | Lair:1   | Reached skill level 5 in Stealth
 12645 | Lair:2   | Found a staircase to the Snake Pit.
 13029 | Lair:3   | Reached skill level 13 in Fighting
 13076 | Lair:3   | Found a staircase to the Shoals.
 13209 | Lair:3   | Identified the +1 chain mail "Obralaa" {Rampage}
 13466 | Lair:3   | Reached skill level 1 in Shapeshifting
 13491 | Lair:3   | Noticed Kirke
 13525 | Lair:3   | Noticed a sphinx
 13595 | Lair:2   | Killed Kirke
 14002 | Lair:4   | Reached skill level 14 in Fighting
 14170 | Lair:4   | Reached skill level 10 in Dodging
 14340 | Lair:4   | Reached XP level 14. HP: 108/108 MP: 14/14
 14474 | Lair:4   | Reached skill level 10 in Shields
 14899 | Lair:5   | Entered Level 5 of the Lair of Beasts
 14910 | Lair:5   | Found a staircase to the Slime Pits.
 14910 | Lair:5   | Found a viscous altar of Jiyva.
 14985 | Lair:5   | Reached skill level 5 in Shapeshifting
 15247 | Lair:5   | Reached skill level 15 in Fighting
 16280 | Lair:5   | Reached skill level 16 in Fighting
 16302 | Lair:5   | Found a corrupted altar of Lugonu.
 16302 | Lair:5   | Found a one-way gate to the infinite horrors of the Abyss.
 16367 | Lair:5   | Identified the +0 triple sword of Equilibrium {freeze,
                  | ^Drain rC+ Dex+2}
 16840 | D:13     | Found an iron altar of Okawaru.
 16921 | D:13     | Noticed Urug
 16935 | D:13     | Killed Urug
 17370 | D:13     | Reached XP level 15. HP: 109/117 MP: 15/15
 17668 | D:14     | Found a gate to the Vaults.
 17781 | D:14     | Reached skill level 10 in Shapeshifting
 18197 | D:14     | Found a sacrificial altar of Ru.
 18278 | D:14     | Found a portal to a secret trove of treasure.
 18379 | D:14     | Identified the +1 helmet "Gihuraga" {Fly}
 18605 | D:15     | Entered Level 15 of the Dungeon
 19168 | D:15     | Found a staircase to the Depths.
 19499 | Shoals:1 | Entered Level 1 of the Shoals
 19629 | Shoals:1 | Noticed Roxanne
 19640 | Shoals:1 | Noticed Frances
 19729 | Shoals:1 | Killed Frances
 19910 | Shoals:1 | Found Miov's CLEARANCE SALE!.
 20172 | Shoals:1 | HP: 4/117 [merfolk impaler/+6 trident of venom (11)]
 20660 | Orc:1    | Entered Level 1 of the Orcish Mines
 20740 | Orc:1    | Found a runed translucent gate.
 20740 | Orc:1    | Found a runed translucent gate.
 20740 | Orc:1    | Found a runed translucent gate.
 20742 | Orc:1    | Noticed Antoh's ghost (journeyman TrCK)
 20742 | Orc:1    | Noticed Xelitey Juot's ghost (novice MiFi)
 20766 | Orc:1    | Noticed Kaxaet's ghost (journeyman MfAl)
 20767 | Orc:1    | Noticed Rygut's ghost (journeyman DrFi)
 20896 | Orc:2    | Entered Level 2 of the Orcish Mines
 20896 | Orc:2    | Found Efeumim's Magic Scroll Emporium.
 20907 | Orc:2    | Found a staircase to the Elven Halls.
 21448 | Orc:2    | Killed from afar by an orc priest

Illustrated notes

Levels and vault maps discovered:
D:1:      minmay_arrival_diagonal_passages, layout_basic,
          ebering_ecumenical_altar_sacrificial
D:2:      layout_basic
D:3:      layout_rooms, hangedman_decor_clover_reticule
D:4:      layout_basic, gammafunk_temple_overflow_pools, serial_rivers,
          chequers_serial_rivers_room_b, chequers_serial_rivers_large_b,
          chequers_serial_rivers_large_a, chequers_serial_rivers_micro_e,
          nicolae_concentric_dashed_squares_mild, minmay_diced_spiral,
          uniq_duvessa, uniq_edmund
D:5:      layout_basic, lemuel_temple_firewalk_a
D:6:      lemuel_ratsnest, layout_cave_pools, nicolae_ossuary_entry_monument,
          nicolae_shop_dragon_depot, st_stairs_2, nicolae_shop_i_like_big_books,
          uniq_pikel
D:7:      layout_cave_pools
D:8:      layout_rooms, serial_shops, kennysheep_mini
D:9:      layout_loops_ring, dreamdust_mushroom_princess
D:10:     layout_stronghold, due_lair_maze_entry_diamond
D:11:     layout_stronghold, erik_orc_4, serial_shops, shop,
          portal_ice_cave_entry_ice_simulacra, slow_altar_2
D:12:     minmay_shoctagon, layout_cave_pools, gauntlet_entry_generic
D:13:     layout_stronghold, okawaru_ov_weapons_minmay, uniq_urug
D:14:     lemuel_troll_bridge, layout_irregular_city,
          nicolae_trove_entry_path_of_doom, nicolae_ru_sacrificial_ziggurat,
          serial_library_hellmonk_layered_room, serial_bayou_pond_a
D:15:     gammafunk_enter_depths_forms, layout_rooms, minmay_strange_pillars
Lair:1:   layout_layer_cave, grunt_forest_small_clearings, st_stairs_3,
          grunt_megastairs_4, uniq_sonja, uniq_maggie
Lair:2:   layout_hall_layers, nicolae_snake_entry_warm_welcome
Lair:3:   layout_gridlike, minmay_shoals_entry_lonely_mermaid, uniq_kirke
Lair:4:   layout_cave_shapes, minmay_hedge_maze, serial_bayou_crossing,
          grunt_megastairs_5
Lair:5:   hellmonk_lair_end_abyssal_woods, layout_hall_layers,
          nicolae_slime_entry_field_trip
Shoals:1: layout_shoals, nicolae_shop_clearance, uniq_frances, uniq_roxanne,
          uniq_jorgrun
Orc:1:    layout_diamond_mine, basic_altar, gammafunk_ghost_cemetery,
          serial_shops, nicolae_lakefront_shop, uniq_gastronok
Orc:2:    st_orc_mages, layout_caves, serial_shops, shop

Skill      XL: |  1  2  3  4  5  6  7  8  9 10 11 12 13 14 15 |
---------------+----------------------------------------------+-----
Long Blades    | 3 4 5 8 10 11 12 13 | 13.8
Fighting       | 3 4 5 6 8 11 14 16 | 16.2
Dodging        | 1 2 4 5 6 8 10 11 | 11.2
Shields        | 4 5 6 8 9 10 11 | 11.1
Armour         | 1 3 4 |  4.0
Stealth        | 3 6 |  6.0
Shapeshifting  | 3 9 11 | 11.7
Short Blades   | |  3.0

Action                     |  1- 3 |  4- 6 |  7- 9 | 10-12 | 13-15 || total
---------------------------+-------+-------+-------+-------+-------++-------
  Melee: Short sword       |    77 |    61 |   161 |    36 |   116 ||   451
         Long sword        |       |       |    57 |       |       ||    57
         Scimitar          |       |       |    21 |   391 |   713 ||  1125
         Maw               |       |       |       |       |   110 ||   110
  Throw: Dart              |       |     2 |     2 |       |     3 ||     7
 Invoke: Ancestor Life: Ba |     1 |       |       |       |       ||     1
         Recall Ancestor   |       |       |     1 |       |     9 ||    10
         Transference      |       |       |       |       |     4 ||     4
  Evoke: Wand              |       |       |       |       |     7 ||     7
         Condenser vane    |       |       |       |       |     2 ||     2
    Use: Scroll            |       |       |       |    14 |    10 ||    24
         Potion            |       |       |       |     2 |     1 ||     3
   Stab: Sleeping          |     2 |       |       |     9 |    16 ||    27
         Distracted        |     1 |     2 |     5 |    11 |    17 ||    36
         Confused          |       |       |       |       |     2 ||     2
 Armour: Robe              |     8 |       |       |       |       ||     8
         Plate armour      |    42 |       |       |       |       ||    42
         Ring mail         |     3 |    21 |    84 |       |       ||   108
         Skin              |       |       |     4 |       |    73 ||    77
         Troll leather arm |       |       |       |    94 |   127 ||   221
  Dodge: Dodged            |    12 |    16 |    47 |    85 |   201 ||   361
  Block: Buckler           |    17 |     8 |       |       |       ||    25
         Kite shield       |       |     5 |   159 |   296 |   784 ||  1244
         Reflection        |       |       |     3 |     8 |    32 ||    43
   Form: Maw               |       |       |       |       |     1 ||     1
